 Dungeon Crawl Stone Soup version 0.30.0-5-g1a98f26d00 (webtiles) character file.

Game seed: 8992193984939150254

70492 bmack86 the Severer (level 14, -2/129 HPs)
             Began as a Minotaur Fighter on May 9, 2023.
             Was the Champion of Okawaru.
             Killed from afar by an ogre mage (28 damage)
             ... with a bolt of magma
             ... on level 2 of the Orcish Mines.
             The game lasted 00:54:59 (18822 turns).

bmack86 the Severer (Minotaur Fighter)             Turns: 18822, Time: 00:55:00

Health: -2/129     AC: 36    Str: 24    XL:     14   Next: 94%
Magic:  22/22      EV:  5    Int:  8    God:    Okawaru [******]
Gold:   849        SH: 12    Dex: 12    Spells: 13/13 levels left

rFire   + + .        h - +9 broad axe (flame)
rCold   . . .        c - +0 buckler
rNeg    . . .        q - +0 crystal plate armour of Ynopan {+Inv rF++ Int+3}
rPois   +            (helmet restricted)
rElec   .            m - +2 cloak {rPois}
rCorr   .            E - +2 pair of gloves {Stlth+}
SInv    +            p - +0 pair of boots
Will    +....        Q - amulet of reflection Stlth
                     L - +4 ring of slaying
HPRegen 0.41/turn    M - +4 ring of protection
MPRegen 0.18/turn

%: reflection
@: unable to read
A: horns 2, retaliatory headbutt, iridescent scales 1, see invisible, high MP 1,
inability to read after injury 1
a: Renounce Religion, Evoke Invisibility, Heroism, Finesse, Duel


You were on level 2 of the Orcish Mines.
You worshipped Okawaru.
Okawaru was exalted by your worship.
You visited 4 branches of the dungeon, and saw 20 of its levels.
You also visited: Bailey.

You collected 1635 gold pieces.
You spent 786 gold pieces at shops.

Inventory:

Hand Weapons
 a - a +1 war axe of venom
 h - a +9 broad axe of flaming (weapon)
Missiles
 o - 48 poisoned darts
 A - 7 curare-tipped darts
 B - 3 throwing nets
 K - 5 javelins
 R - 4 silver javelins
 Y - 3 boomerangs (quivered)
Armour
 c - a +0 buckler (worn)
 m - a +2 cloak of poison resistance (worn)
 p - a +0 pair of boots (worn)
 q - the +0 crystal plate armour of Ynopan (worn) {+Inv rF++ Int+3}
   (Okawaru gifted it to you on level 11 of the Dungeon)

   Int:       It affects your intelligence (+3).
   rF:        It greatly protects you from fire.
   +Inv:      It lets you turn invisible.
 E - a +2 pair of gloves of stealth (worn)
Jewellery
 b - a ring of resist corrosion
 u - a ring of fire
 w - a +6 ring of dexterity
 F - a ring of willpower
 H - a +6 ring of intelligence
 I - a ring of protection from cold
 L - a +4 ring of slaying (left hand)
 M - a +4 ring of protection (right hand)
 N - a ring of willpower
 P - a ring of ice
 Q - an amulet of reflection (around neck)
Wands
 n - a wand of roots (11)
 v - a wand of mindburst (15)
 y - a wand of quicksilver (4)
 z - a wand of flame (33)
 D - a wand of paralysis (20)
 X - a wand of polymorph (6)
Scrolls
 e - 13 scrolls of teleportation
 f - a scroll of poison
 r - 5 scrolls of identify
 J - 2 scrolls of fog
 S - 4 scrolls of magic mapping
 U - a scroll of fear
 W - 3 scrolls of blinking
Potions
 d - 3 potions of might
 g - 5 potions of heal wounds
 i - a potion of berserk rage
 j - 3 potions of mutation
 k - a potion of resistance {unknown}
 l - 6 potions of brilliance
 s - 2 potions of ambrosia
 t - 9 potions of curing
 x - 7 potions of flight
 C - 3 potions of haste
 G - 5 potions of magic
 T - 3 potions of invisibility


   Skills:
 + Level 13.0 Fighting
 * Level 17.2 Axes
 - Level 10.0 Throwing
 + Level 12.9 Armour
 + Level 13.0 Shields
 + Level 10.1 Invocations


You had 13 spell levels left.
You didn't know any spells.
Your spell library contained the following spells:

 Spells                   Type           Power      Damage    Failure   Level
 Freeze                   Ice            0%         1d3       100%        1
 Magic Dart               Conj           0%         1d3       100%        1
 Shock                    Conj/Air       0%         1d3       100%        1
 Sting                    Tmut/Pois      0%         1d3       100%        1
 Cigotuvi's Dreadful Rot  Necr/Pois/Air  0%         N/A       100%        2
 Ensorcelled Hibernation  Hex/Ice        0%         N/A       100%        2
 Passwall                 Tmut/Erth      0%         N/A       100%        2
 Poisonous Vapours        Pois/Air       0%         N/A       100%        2
 Sublimation of Blood     Necr           0%         N/A       100%        2
 Frozen Ramparts          Ice            0%         1d1       100%        3
 Hailstorm                Conj/Ice       0%         3d3       100%        3
 Mephitic Cloud           Conj/Pois/Air  0%         N/A       100%        3
 Portal Projectile        Hex/Tloc       0%         N/A       100%        3
 Swiftness                Air            0%         N/A       100%        3
 Airstrike                Air            0%         2d(0-16)  100%        4
 Anguish                  Hex/Necr       0%         N/A       100%        4
 Dispel Undead            Necr           0%         3d6       100%        4
 Leda's Liquefaction      Hex/Erth       0%         N/A       100%        4
 Olgreb's Toxic Radiance  Pois           0%         N/A       100%        4
 Petrify                  Tmut/Erth      0%         N/A       100%        4
 Blade Hands              Tmut           0%         N/A       100%        5
 Fireball                 Conj/Fire      0%         3d3       100%        5
 Irradiate                Conj/Tmut      0%         3d11      100%        5
 Iskenderun's Battlesphe  Conj           0%         2d6       100%        5
 Conjure Ball Lightning   Conj/Air       0%         3x3d6     100%        6
 Dragon Form              Tmut           0%         N/A       100%        7
 Enfeeble                 Hex            0%         N/A       100%        7
 Orb of Destruction       Conj           0%         9d5       100%        7
 Call Imp                 Summ           Unusable   N/A       N/A         2
 Call Canine Familiar     Summ           Unusable   N/A       N/A         3
 Death Channel            Necr           Unusable   N/A       N/A         6

Dungeon Overview and Level Annotations

Branches:
Dungeon (12/15)            Temple (1/1) D:6            Lair (5/5) D:8
  Swamp (0/4) Lair:2        Snake (0/4) Lair:3        Slime (0/5) Lair:4
    Orc (2/2) D:12         Bailey (visited)
    Elf: Orc:2

Altars:
Cheibriados
Kikubaaqudgha
Makhleb
Okawaru
Sif Muna
Trog
Wu Jian
Xom
Zin
The Shining One

Shops:
D:1 ??   D:2 [(=*   D:3 =

Portals:
Hell: Lair:5
Ice
Cave: Orc:2

Annotations:
D:5 1 runed translucent door, Kazon's ghost, novice DsBe
D:10 3 runed translucent doors, Irreverend's ghost, novice FeSu


Innate Abilities, Weirdness & Mutations

You have a pair of horns on your head.
You reflexively headbutt those who attack you in melee.
You are partially covered in iridescent scales. (AC +2)
You have supernaturally acute eyesight. (SInv)
You have an increased reservoir of magic. (+10% MP)
You occasionally lose the ability to read scrolls when taking damage.


Message History

* * * LOW HITPOINT WARNING * * *
Items here: )))))) [ †††.
You slice the two-headed ogre!! You burn the two-headed ogre.
You kill the two-headed ogre!
Okawaru accepts your kill.
You slash the ogre! You burn the ogre. You barely miss the ogre.
The ogre is heavily wounded.
You block the ogre's attack.
You slice the ogre!! You burn the ogre.
You kill the ogre!
Okawaru accepts your kill.
Your base Fighting skill increases to level 13!
Items here: )))))) †††††.
Items here: ))) ††.
You start resting.
Magic restored.
Your hands slow down.
You start resting.
An ogre comes into view. It is wielding a +0 giant club.
You start resting.
You feel like a meek peon again.
You start resting.
You hear the crackling of a melting archway.
You start resting.
An ogre mage comes into view. It is wielding a +1 spear of flaming.
The ogre mage shouts!
The ogre mage gestures at you while chanting.
You resist with some effort.
The ogre mage points at you and mumbles some strange words.
The bolt of magma hits you. You partially resist.
* * * LOW HITPOINT WARNING * * *
You dice the ogre mage like an onion!!! You burn the ogre mage!
The ogre mage is severely wounded.
You barely miss the ogre mage. You headbutt the ogre mage.
The ogre mage is almost dead.
The ogre mage casts a spell at you. The bolt of magma hits you!!
You partially resist.
You feel threatened and lose the ability to read scrolls!
You die...

. .............)......#.#
..#...........)..)..)..##
.#.............#..)...##
........#......#......##
....#...##........∩.)..#
.....#.##...........).##
.......................#
######..................##
...####........O@........#
.....##....#.#............#
......#).)...........##...#
...O..)))).#..........#....
.....)))))................##
......#..#.........##....##
.....##..#.....<........##
...## #...#......#......#
### ...###......##.#.##


You could see an ogre mage.

Vanquished Creatures
  Erolcha (D:11)
  4 hydras
  3 ogre magi (Orc:2)
  9 death yaks (Lair:5)
  16 two-headed ogres
  A boulder beetle (D:11)
  A sun demon (Lair:5)
  Sonja (Lair:4)
  2 lindwurms
  3 bog bodies (Lair:2)
  2 orc knights
  A deep elf pyromancer (D:7)
  A wizard (Lair:5)
  2 orc sorcerers (Orc:1)
  3 cyclopes
  11 elephants
  A torpor snail (Lair:5)
  15 cane toads
  2 orange demons (Lair:5)
  2 gargoyles (D:12)
  4 black mambas
  3 rime drakes
  3 kobold demonologists
  An unseen horror (D:11)
  6 komodo dragons
  An ice devil (Lair:5)
  5 trolls
  2 red devils (Lair:5)
  3 polar bears
  A hellwing (Lair:5)
  A hornet (D:9)
  5 blink frogs (Lair:5)
  4 dream sheep (Lair:4)
  4 spriggans (Bailey)
  A slime creature (Lair:4)
  58 yaks
  8 basilisks
  12 wyverns
  3 wraiths
  3 vampire mosquitoes (D:8)
  A steam dragon (Bailey)
  2 wargs (Orc:1)
  Grum (D:9)
  A death yak simulacrum (Orc:2)
  Menkaure (D:5)
  2 nagas (Lair:3)
  A swamp worm (Lair:2)
  15 water moccasins
  5 hell hounds (Lair:5)
  12 orc warriors
  An ice beast (D:6)
  28 ogres
  10 wolves
  A centaur (D:9)
  A phantom (D:5)
  8 kobold brigands
  11 bullfrogs
  A gnoll sergeant (D:8)
  A two-headed ogre simulacrum (Orc:2)
  A cane toad simulacrum (Orc:2)
  5 wights (D:8)
  3 scorpions
  12 killer bees (D:9)
  9 howler monkeys
  4 electric eels
  2 hounds
  Crazy Yiuf (D:2)
  2 gnoll boudas (D:6)
  6 jellies
  13 orc priests
  2 sleepcaps
  Natasha (thrice) (D:2)
  Terence (D:3)
  3 iguanas
  15 orc wizards
  2 troll simulacra (Orc:2)
  A wolf simulacrum (Orc:2)
  17 gnolls
  7 adders
  2 naga simulacra (Orc:2)
  2 white imps
  4 dart slugs
  52 orcs
  6 ball pythons
  2 endoplasms
  3 giant cockroaches
  14 goblins
  8 hobgoblins
  3 jackals (D:2)
  3 quokkas
  7 bats
  3 frilled lizards
  34 kobolds
  4 rats
568 creatures vanquished.

Notes
Turn   | Place    | Note
-------+----------+-------------------------------------------
     0 | D:1      | bmack86 the Minotaur Fighter began the quest for the Orb.
     0 | D:1      | Reached XP level 1. HP: 19/19 MP: 0/0
   178 | D:1      | Found Nofauqie's Magic Scroll Boutique.
   225 | D:1      | Reached XP level 2. HP: 27/27 MP: 1/1
   546 | D:1      | Reached skill level 3 in Axes
   869 | D:1      | Found Ratyemia's Magic Scroll Boutique.
  1017 | D:1      | Bought a scroll of identify for 20 gold pieces
  1017 | D:1      | Bought a scroll of identify for 20 gold pieces
  1083 | D:2      | Found Dyuffia's Jewellery Shop.
  1182 | D:2      | Reached XP level 3. HP: 30/33 MP: 2/2
  1249 | D:2      | Found a runed translucent door.
  1250 | D:2      | Noticed Crazy Yiuf
  1297 | D:2      | Found Riotuyll's Weapon Shop.
  1302 | D:2      | Found Alaifuf's Armour Shop.
  1437 | D:2      | Found Usoem's Assorted Antiques.
  1442 | D:2      | Noticed Natasha
  1450 | D:2      | Killed Natasha
  1451 | D:2      | Reached XP level 4. HP: 30/40 MP: 3/3
  1694 | D:2      | Gained mutation: You occasionally lose the ability to read
                  | scrolls when taking damage. [potion of mutation]
  1694 | D:2      | Gained mutation: You have an increased reservoir of magic.
                  | (+10% MP) [potion of mutation]
  1694 | D:2      | Gained mutation: You are partially covered in iridescent
                  | scales. (AC +2) [potion of mutation]
  1694 | D:2      | Gained mutation: You have supernaturally acute eyesight.
                  | (SInv) [potion of mutation]
  1764 | D:2      | Noticed Natasha
  1770 | D:2      | Killed Natasha
  1771 | D:2      | Reached skill level 4 in Axes
  1905 | D:2      | Killed Crazy Yiuf
  2182 | D:2      | Noticed Natasha
  2192 | D:2      | Killed Natasha
  2193 | D:2      | Reached XP level 5. HP: 46/47 MP: 4/4
  2292 | D:3      | Noticed Terence
  2301 | D:3      | Killed Terence
  2644 | D:3      | Found Duimesin's Jewellery Shoppe.
  2843 | D:4      | Noticed a water moccasin
  2850 | D:4      | Reached skill level 5 in Axes
  2850 | D:4      | Reached XP level 6. HP: 46/55 MP: 5/5
  2858 | D:4      | Killed a water moccasin
  2859 | D:4      | Reached skill level 5 in Fighting
  2859 | D:4      | Reached skill level 1 in Throwing
  2859 | D:4      | Reached skill level 5 in Armour
  2859 | D:4      | Reached skill level 5 in Shields
  3608 | D:4      | Found an iron altar of Okawaru.
  3628 | D:4      | Became a worshipper of Warmaster Okawaru
  3652 | D:5      | Entered Level 5 of the Dungeon
  3652 | D:5      | Noticed a water moccasin
  3653 | D:5      | Noticed Menkaure
  3659 | D:5      | Killed a water moccasin
  3659 | D:5      | Killed Menkaure
  3659 | D:5      | Reached * piety under Okawaru
  3660 | D:5      | Reached skill level 6 in Axes
  3660 | D:5      | Reached skill level 1 in Invocations
  3660 | D:5      | Reached XP level 7. HP: 52/61 MP: 5/7
  4148 | D:5      | Found a runed translucent door.
  4148 | D:5      | Noticed Kazon's ghost (novice DsBe)
  4148 | D:5      | Noticed a two-headed ogre
  4161 | D:5      | Reached XP level 8. HP: 50/70 MP: 9/9
  4401 | D:6      | Found a staircase to the Ecumenical Temple.
  4407 | Temple   | Entered the Ecumenical Temple
  4436 | D:6      | Reached skill level 7 in Axes
  4455 | D:6      | Reached ** piety under Okawaru
  4935 | D:7      | Reached skill level 8 in Axes
  4961 | D:7      | Found the +6 arbalest "Damnation" {damnation}
  5319 | D:7      | Found a glowing golden altar of the Shining One.
  5322 | D:7      | Found a glowing silver altar of Zin.
  5332 | D:7      | Reached *** piety under Okawaru
  5333 | D:7      | Reached XP level 9. HP: 77/78 MP: 11/11
  5886 | D:7      | Noticed a deep elf pyromancer
  5896 | D:7      | Killed a deep elf pyromancer
  5896 | D:7      | Received a gift from Okawaru
  5993 | D:8      | Reached skill level 9 in Axes
  6053 | D:8      | Reached **** piety under Okawaru
  6070 | D:8      | Reached skill level 10 in Axes
  6070 | D:8      | Reached skill level 5 in Throwing
  6070 | D:8      | Reached XP level 10. HP: 19/88 MP: 13/13
  6274 | D:8      | Found a staircase to the Lair.
  6438 | D:8      | Received a gift from Okawaru
  6573 | D:8      | Identified the +1 robe of Agoraphobia {rN+ Will- Str+6
                  | Stlth+}
  7458 | D:1      | Bought a scroll of magic mapping for 97 gold pieces
  7513 | D:2      | Bought a jade ring for 115 gold pieces
  7513 | D:2      | Bought a square steel amulet for 115 gold pieces
  7710 | D:9      | Reached skill level 5 in Invocations
  7783 | D:9      | Noticed Grum
  7795 | D:9      | Killed Grum
  7854 | D:9      | Reached ***** piety under Okawaru
  7857 | D:9      | Received a gift from Okawaru
  7858 | D:9      | Found a flagged portal.
  7862 | D:9      | Reached skill level 11 in Axes
  7915 | Bailey   | Entered a bailey
  8325 | Bailey   | Noticed a two-headed ogre
  8340 | Bailey   | Killed a two-headed ogre
  8341 | Bailey   | Reached XP level 11. HP: 52/95 MP: 8/15
  8652 | D:9      | Received a gift from Okawaru
  8662 | D:9      | Noticed a two-headed ogre
  8669 | D:9      | Killed a two-headed ogre
  8927 | D:9      | Reached skill level 12 in Axes
  8933 | D:9      | Received a gift from Okawaru
  9035 | D:10     | Entered Level 10 of the Dungeon
  9324 | D:10     | Found a runed translucent gate.
  9324 | D:10     | Found a runed translucent gate.
  9324 | D:10     | Found a runed translucent gate.
  9393 | D:10     | Noticed Irreverend's ghost (novice FeSu)
  9640 | D:10     | Found a bloodstained altar of Trog.
  9640 | D:10     | Found an ancient bone altar of Kikubaaqudgha.
 10133 | D:11     | Identified the +0 crystal plate armour of Ynopan {+Inv rF++
                  | Int+3} (Okawaru gifted it to you on level 11 of the
                  | Dungeon)
 10133 | D:11     | Received a gift from Okawaru
 10204 | D:11     | Noticed a boulder beetle
 10214 | D:11     | Killed a boulder beetle
 10442 | D:11     | Noticed a two-headed ogre
 10448 | D:11     | Killed a two-headed ogre
 10700 | D:11     | Reached skill level 13 in Axes
 10700 | D:11     | Reached skill level 10 in Shields
 10700 | D:11     | Reached XP level 12. HP: 106/106 MP: 17/17
 10772 | D:11     | Noticed Erolcha
 10780 | D:11     | Killed Erolcha
 10781 | D:11     | Reached skill level 10 in Fighting
 10781 | D:11     | Reached skill level 10 in Armour
 11380 | D:12     | Found a staircase to the Orcish Mines.
 12002 | D:12     | Noticed a two-headed ogre
 12008 | D:12     | Killed a two-headed ogre
 12008 | D:12     | Reached ****** piety under Okawaru
 12008 | D:12     | Received a gift from Okawaru
 12233 | Lair:1   | Entered Level 1 of the Lair of Beasts
 12371 | Lair:1   | Received a gift from Okawaru
 12477 | Lair:1   | Reached skill level 14 in Axes
 13795 | D:1      | Bought a scroll of magic mapping for 75 gold pieces
 13795 | D:1      | Bought a scroll of enchant weapon for 75 gold pieces
 13883 | D:1      | Bought a scroll of enchant weapon for 97 gold pieces
 13938 | D:2      | Bought a scroll of enchant weapon for 172 gold pieces
 14525 | Lair:2   | Received a gift from Okawaru
 14526 | Lair:2   | Reached XP level 13. HP: 102/115 MP: 19/19
 14559 | Lair:2   | Received a gift from Okawaru
 14560 | Lair:2   | Found a staircase to the Swamp.
 15327 | Lair:3   | Received a gift from Okawaru
 15437 | Lair:3   | Found a staircase to the Snake Pit.
 15791 | Lair:4   | Reached skill level 15 in Axes
 15817 | Lair:4   | Found a staircase to the Slime Pits.
 16071 | Lair:4   | Noticed Sonja
 16089 | Lair:4   | Killed Sonja
 16524 | Lair:5   | Entered Level 5 of the Lair of Beasts
 16772 | Lair:5   | Reached XP level 14. HP: 98/125 MP: 21/21
 16966 | Lair:5   | Received a gift from Okawaru
 16968 | Lair:5   | Reached skill level 16 in Axes
 17080 | Lair:5   | Received a gift from Okawaru
 17335 | Lair:5   | Found a burning altar of Makhleb.
 17486 | Lair:5   | Found a gateway to Hell.
 18206 | Orc:1    | Entered Level 1 of the Orcish Mines
 18326 | Orc:1    | Identified the +1 ring mail "Sasar" {Int+4} (Okawaru gifted
                  | it to you on level 1 of the Orcish Mines)
 18326 | Orc:1    | Received a gift from Okawaru
 18583 | Orc:2    | Entered Level 2 of the Orcish Mines
 18630 | Orc:2    | Found a frozen archway.
 18728 | Orc:2    | Reached skill level 10 in Throwing
 18736 | Orc:2    | Reached skill level 10 in Invocations
 18738 | Orc:2    | Reached skill level 17 in Axes
 18822 | Orc:2    | Killed from afar by an ogre mage

Illustrated notes

Levels and vault maps discovered:
D:1:      ldierk_walled_garden, layout_loops_ring, serial_shops,
          nicolae_shop_tiny_real_fake_doors, nicolae_shop_tiny_waterfront,
          serial_forest, infiniplex_forest_straight_1,
          infiniplex_forest_clump_tiny, infiniplex_forest_straight_5,
          infiniplex_forest_end_1, infiniplex_forest_straight_3,
          infiniplex_forest_straight_1, infiniplex_forest_end_2,
          infiniplex_forest_clump_large, infiniplex_forest_lined_room_3,
          infiniplex_forest_clump_C
D:2:      layout_loops_ring, serial_shops, nicolae_square_shop, shop, shop,
          shop, grunt_ministairs_2, uniq_crazy_yiuf_cottage, uniq_natasha
D:3:      layout_basic, serial_shops, shop, uniq_terence
D:4:      layout_loops_ring, okawaru_altar_gauntlet_db
D:5:      layout_loops_cross, ebering_ghost_inner_flame, nicolae_titane,
          uniq_menkaure
D:6:      layout_rooms, minmay_temple_entry_proselytizer
D:7:      layout_layer_cave, chequers_temple_overflow_statue_of_worship,
          guppyfry_early_elven_hall
D:8:      layout_basic, minmay_lair_entry_grove
D:9:      layout_rooms, enter_bailey_3, minmay_misc_feat_square, uniq_grum
D:10:     layout_stronghold, nicolae_overflow_two_pavilions,
          gammafunk_ghost_necromancy
D:11:     layout_grid_maze, uniq_erolcha
D:12:     layout_roguey, orc_0_dummy
Temple:   nicolae_temple_bog_church
Lair:1:   layout_cave_pods, lemuel_fruit_fields, lemuel_fruit_tree,
          grunt_megastairs_1
Lair:2:   layout_long_grid, nicolae_swamp_entry_splash_gauntlet,
          serial_bayou_lagoon_b
Lair:3:   layout_gridlike, minmay_snake_entry_guardpost_small
Lair:4:   layout_cellular_growth, minmay_slime_entry_pillars, uniq_sonja
Lair:5:   evil_forest, layout_cellular_growth, patterned_corridor
Orc:1:    layout_diamond_mine
Orc:2:    st_orc_ogre_mass, layout_caves, basic_altar,
          portal_ice_cave_entry_ice_simulacra

Skill      XL: |  1  2  3  4  5  6  7  8  9 10 11 12 13 14 |
---------------+-------------------------------------------+-----
Axes           | 3 4 5 6 8 10 11 13 14 15 17 | 17.2
Fighting       | 4 5 6 7 8 9 10 11 13 | 13.0
Armour         | 4 5 6 7 8 9 10 11 12 | 12.9
Shields        | 4 5 6 7 8 10 11 12 13 | 13.0
Throwing       | 1 2 3 5 6 7 8 9 10 | 10.0
Invocations    | 1 3 4 5 6 8 9 10 | 10.1

Action                     |  1- 3 |  4- 6 |  7- 9 | 10-12 | 13-15 || total
---------------------------+-------+-------+-------+-------+-------++-------
  Melee: War axe           |    63 |   114 |   142 |   340 |       ||   659
         Headbutt          |     5 |    15 |    36 |    84 |    85 ||   225
         Broad axe         |       |       |       |    76 |   381 ||   457
  Throw: Dart              |       |       |       |     2 |     9 ||    11
         Boomerang         |       |       |       |       |     4 ||     4
 Invoke: Heroism           |       |       |     2 |     4 |     3 ||     9
         Finesse           |       |       |       |     3 |     3 ||     6
    Use: Scroll            |     3 |     9 |     6 |    17 |       ||    35
         Potion            |       |     1 |       |       |       ||     1
 Armour: Scale mail        |    26 |       |       |       |       ||    26
         Chain mail        |    12 |    81 |   120 |   312 |       ||   525
         Crystal plate arm |       |       |       |    25 |   239 ||   264
  Dodge: Dodged            |    34 |    59 |    84 |   155 |    50 ||   382
  Block: Buckler           |    25 |    32 |    55 |   271 |   211 ||   594
         Reflection        |       |       |       |     8 |     6 ||    14
